Map: Eternal Empire LE

Players

Rex - Winner!

  • Race: Zerg Zerg
  • League: Master
  • Spawn Location: 7:00

Yoger

  • Race: Zerg Zerg
  • Spawn Location: 1:00

Event: DreamHack SC2 Masters 2020 Summer TwHkMoJp

VOD

Have the link to the VOD?

Description

Time

  • Played on: June 25, 2020, 8:58 a.m.
  • Length: 15:40

All games in this series

Show
View Real Time Build Order
Export as new Build Order

Rex Zerg - Winner!

Build Orders: Hatch First, Lurkers, Roach Hydra 

Get SALT Encoding   

  12  0:00  Drone  
  13  0:12  Overlord  
  13  0:17  Drone  
  14  0:30  Drone x2  
  16  0:48  Hatchery  
  15  0:52  Drone  
  15  0:55  Drone  
  17  0:58  Drone  
  18  1:09  Extractor  
  17  1:14  Spawning Pool  
  17  1:16  Drone  
  17  1:20  Drone  
  18  1:28  Drone  
  19  1:40  Drone  
  20  1:51  Drone  
  21  2:00  Queen x2  
  25  2:02  Zergling x2  
  25  2:03  Overlord  
  26  2:09  Metabolic Boost  
  26  2:12  Drone x2  
  28  2:23  Drone x2  
  30  2:35  Hatchery  
  29  2:46  Drone x2  
  29  2:47  Drone  
  29  2:50  Baneling Nest  
  31  2:54  Zergling x4  
  31  2:57  Overlord  
  33  3:04  Queen  
  35  3:07  Drone  
  36  3:18  Drone x3  
  36  3:19  Drone  
  40  3:20  Overlord  
  40  3:25  Zergling x2  
  40  3:26  Zergling x2  
  42  3:29  Drone  
  42  3:30  Drone  
  44  3:40  Drone  
  44  3:41  Drone x2  
  46  3:42  Drone x2  
  46  3:46  Evolution Chamber  
  47  3:48  Overlord  
  47  3:49  Drone  
  48  3:55  Baneling x2  
  48  3:58  Zergling x6  
  51  4:04  Overlord  
  51  4:10  Drone x2  
  51  4:13  Zerg Missile Weapons Level 1  
  51  4:14  Drone x5  
  57  4:23  Drone  
  57  4:24  Drone x5  
  63  4:27  Drone  
  63  4:31  Lair  
  64  4:34  Overlord, Extractor x2  
  64  4:35  Drone  
  64  4:38  Drone  
  64  4:44  Drone x5  
  69  4:47  Overlord  
  69  4:49  Drone  
  69  4:51  Extractor  
  69  4:52  Extractor  
  67  4:53  Drone  
  67  4:55  Drone x4  
  72  5:05  Queen x2  
  72  5:06  Overlord  
  75  5:13  Roach Warren, Drone x2  
  76  5:20  Zergling x14  
  76  5:21  Zergling x4  
  84  5:22  Drone  
  84  5:26  Drone x4  
  89  5:29  Overlord  
  89  5:35  Overlord  
  89  5:48  Drone  
  90  5:51  Drone, Extractor  
  90  5:52  Infestation Pit  
  90  5:56  Drone x2  
  91  6:01  Hatchery  
  91  6:02  Overlord  
  89  6:04  Roach x10  
  89  6:09  Glial Reconstitution  
  89  6:11  Zerg Missile Weapons Level 2  
  106  6:26  Queen x2  
  106  6:32  Drone  
  112  6:34  Drone x4  
  112  6:38  Hive  
  108  6:48  Spore Crawler  
  108  6:49  Spore Crawler  
  108  6:50  Spore Crawler  
  108  6:51  Spore Crawler, Swarm Host  
  108  6:52  Roach x3  
  113  6:54  Spore Crawler  
  113  6:56  Overseer  
  113  6:58  Overlord  
  113  6:59  Overlord x5  
  112  7:02  Pneumatized Carapace  
  112  7:04  Evolution Chamber  
  110  7:11  Spore Crawler  
  110  7:14  Hydralisk Den, Spore Crawler, Pathogen Glands  
  107  7:26  Spore Crawler x2  
  105  7:32  Queen x2  
  105  7:34  Drone x2  
  105  7:35  Drone  
  105  7:36  Roach  
  128  7:37  Roach x7  
  128  7:40  Drone x3  
  131  7:47  Drone  
  131  7:48  Drone x6  
  133  7:57  Drone x2  
  133  7:58  Drone  
  134  8:12  Spore Crawler, Overlord  
  132  8:13  Overseer, Zerg Ground Armor Level 1  
  132  8:19  Viper x2, Lurker Den  
  131  8:20  Viper x2  
  131  8:29  Spore Crawler  
  131  8:31  Drone, Spore Crawler  
  129  8:35  Grooved Spines  
  129  8:36  Hydralisk x5  
  135  8:52  Roach x8  
  135  8:55  Overlord  
  148  9:18  Hydralisk x6  
  160  9:27  Overlord  
  160  9:28  Overlord  
  160  9:29  Seismic Spines, Spore Crawler  
  159  9:32  Unknown  
  159  9:35  Lurker  
  158  9:46  Muscular Augments  
  158  9:47  Extractor  
  158  9:51  Drone x5  
  161  9:56  Queen  
  161  9:57  Drone  
  161  9:58  Drone x5  
  161  9:59  Drone  
  164  10:00  Drone x2  
  164  10:02  Spore Crawler  
  164  10:03  Spore Crawler  
  162  10:08  Lurker x5  
  167  10:15  Infestor  
  167  10:17  Overlord  
  169  10:26  Adaptive Talons  
  169  10:27  Spore Crawler x2  
  169  10:28  Spore Crawler  
  166  10:31  Drone x4  
  166  10:34  Evolution Chamber  
  166  10:35  Evolution Chamber  
  168  10:37  Evolution Chamber  
  168  10:38  Overseer  
  167  10:45  Drone  
  167  10:46  Drone x2  
  167  10:48  Roach Warren  
  159  10:51  Drone  
  159  10:52  Drone x9  
  159  10:55  Drone  
  163  10:58  Drone  
  164  11:05  Hydralisk  
  164  11:06  Hydralisk  
  164  11:09  Hydralisk  
  170  11:16  Overlord x2  
  170  11:32  Hatchery  
  167  11:37  Hydralisk x3  
  173  11:50  Hydralisk x3  
  179  12:19  Hydralisk x6  
  142  12:35  Hatchery, Viper  
  131  12:50  Viper  
  122  12:52  Viper x3  
  119  13:05  Infestor x2  
  119  13:06  Infestor x2  
  123  13:18  Swarm Host  
  123  13:19  Roach x2  
  124  13:31  Roach x6  
  134  13:37  Roach x2  
  139  13:41  Lurker  
  139  13:43  Roach x2  
  140  13:50  Infestor  
  140  13:51  Infestor  
  144  13:59  Drone x2  
  146  14:09  Roach x9  
  164  14:25  Lurker x5  
  164  14:26  Drone x3  
  172  14:36  Roach x7  
  178  14:53  Roach x3  
  184  15:02  Overlord x3  
Show
View Real Time Build Order
Export as new Build Order

Yoger Zerg 

Build Orders: Hatch First, Muta Ling Bane 

Get SALT Encoding   

  12  0:00  Drone  
  13  0:12  Overlord  
  13  0:17  Drone  
  14  0:32  Drone x2  
  16  0:48  Hatchery  
  15  0:51  Drone  
  15  0:55  Drone  
  17  0:58  Drone  
  18  1:09  Extractor  
  17  1:15  Spawning Pool  
  17  1:17  Drone  
  17  1:21  Drone  
  18  1:28  Drone  
  19  1:40  Overlord  
  19  1:50  Drone  
  20  2:01  Queen  
  20  2:02  Drone, Queen  
  20  2:03  Zergling x2  
  26  2:11  Drone  
  26  2:14  Metabolic Boost  
  26  2:15  Drone  
  28  2:22  Drone x2  
  30  2:37  Hatchery  
  30  2:38  Drone  
  30  2:46  Drone x2  
  30  2:48  Zergling x2  
  33  2:54  Baneling Nest  
  33  2:57  Overlord  
  32  2:59  Drone  
  32  3:04  Drone  
  34  3:10  Zergling x2  
  34  3:11  Zergling x2  
  36  3:15  Queen  
  36  3:18  Zergling x4  
  36  3:19  Drone  
  41  3:22  Drone x2  
  41  3:25  Drone  
  44  3:33  Evolution Chamber  
  43  3:35  Drone  
  43  3:38  Overlord  
  44  3:43  Lair  
  44  3:46  Drone, Extractor  
  43  3:50  Drone x3  
  46  3:59  Overlord  
  46  4:00  Roach Warren, Drone  
  46  4:02  Baneling x2  
  46  4:08  Drone x2  
  48  4:13  Zerg Melee Weapons Level 1  
  48  4:15  Extractor  
  48  4:16  Drone x2  
  48  4:17  Extractor  
  48  4:20  Drone  
  48  4:22  Drone x2  
  51  4:25  Drone  
  51  4:27  Drone x2  
  51  4:30  Drone  
  55  4:35  Baneling x2  
  55  4:37  Zergling x8  
  59  4:51  Spire  
  58  4:54  Drone x6  
  65  5:00  Drone x2  
  65  5:09  Overlord x2  
  65  5:24  Drone  
  65  5:27  Overlord, Extractor  
  65  5:28  Drone, Extractor  
  64  5:29  Drone x6  
  70  5:41  Drone x4  
  72  5:50  Overlord x2  
  72  6:04  Mutalisk  
  72  6:05  Mutalisk x7  
  72  6:09  Mutalisk  
  87  6:20  Mutalisk x2  
  89  6:25  Zergling x2  
  89  6:26  Zergling x8  
  89  6:32  Zergling x6  
  92  6:33  Zergling x2  
  92  6:35  Zerg Flyer Armor Level 1, Queen  
  92  6:37  Drone  
  94  6:40  Drone  
  94  6:44  Drone  
  96  6:54  Mutalisk, Overlord x2  
  96  7:01  Hatchery  
  97  7:05  Mutalisk x3  
  97  7:07  Drone  
  97  7:08  Drone x2  
  107  7:15  Drone  
  107  7:16  Drone x3  
  109  7:24  Overlord  
  109  7:25  Drone  
  109  7:26  Drone  
  110  7:30  Mutalisk x3  
  110  7:31  Mutalisk  
  110  7:33  Drone  
  119  7:43  Overlord x2, Zergling x2  
  120  7:44  Zergling x10  
  120  7:45  Zerg Melee Weapons Level 2  
  125  7:51  Unknown  
  125  7:53  Centrifical Hooks  
  124  8:02  Mutalisk x2  
  128  8:09  Zergling x18  
  128  8:12  Mutalisk  
  135  8:30  Mutalisk x3  
  135  8:32  Zergling x14  
  148  8:34  Queen  
  150  8:45  Mutalisk x2  
  152  8:54  Overlord x2  
  145  9:09  Mutalisk x6  
  133  9:13  Zergling x26  
  152  9:21  Zerg Flyer Weapons Level 1  
  149  9:27  Baneling x6  
  149  9:29  Zergling x10  
  150  9:46  Mutalisk x5  
  153  9:52  Zergling x2  
  153  9:53  Zergling x22  
  151  10:00  Zergling x12  
  157  10:11  Baneling  
  157  10:12  Baneling x10  
  157  10:14  Zergling x6  
  158  10:18  Hatchery  
  149  10:29  Mutalisk x5  
  159  10:42  Infestation Pit  
  146  10:53  Zergling x2  
  146  10:54  Zergling x30  
  146  10:56  Burrow  
  159  11:01  Overlord  
  159  11:02  Overlord x2  
  159  11:03  Hatchery  
  159  11:04  Mutalisk  
  158  11:06  Baneling x8  
  158  11:07  Baneling x10  
  160  11:16  Overlord x4  
  160  11:18  Zerg Flyer Weapons Level 2  
  151  11:27  Pneumatized Carapace  
  151  11:28  Overseer  
  151  11:29  Overseer x2  
  151  11:34  Mutalisk  
  151  11:35  Mutalisk x3  
  158  11:47  Baneling x9  
  158  11:48  Zergling x18  
  165  11:58  Baneling x3  
  165  11:59  Baneling x6  
  143  12:10  Zergling x20  
  102  12:25  Mutalisk  
  102  12:26  Mutalisk x4  
  95  12:36  Drone  
  85  12:37  Drone x2  
  85  12:43  Drone  
  83  12:46  Drone x19  
  83  12:49  Drone  
  82  12:55  Drone x6  
  79  13:02  Drone  
  78  13:09  Drone  
  79  13:26  Drone  
  79  13:27  Drone x7  
  87  13:33  Zergling x4  
  87  13:34  Zergling x2  
  90  13:41  Mutalisk  
  92  14:09  Mutalisk x3  
  92  14:11  Drone  
  92  14:12  Drone x10  
  92  14:16  Drone x17  
  109  14:23  Zergling x10  
  114  14:25  Drone x20  
  113  14:32  Zergling x2  
  113  14:33  Zergling x2  
  114  14:45  Zergling x10  
  118  14:55  Zergling x12  
  122  15:03  Baneling Nest  
  122  15:06  Zergling x2  
  119  15:07  Zergling x8  
Tags
 
Add a new tag
Caveats
  • Supply blocks, unpowered buildings, or Contaminate may cause inaccurate times.
  • Supply counts are checked every 10 seconds.